 Dungeon Sprint DCSS version 0.30.1-4-g462c640d31 (webtiles) character file.

Game seed: 8593522002398184855

443 Heoruswealwe the Cleaver (level 7, -4/70 HPs)
             Began as a Hill Orc Fighter on Aug 27, 2023.
             Was an Initiate of the Shining One.
             Slain by a slime creature (14 damage)
             ... in the Dungeon (Sprint I: "Red Sonja").
             The game lasted 00:01:07 (121 turns).

Heoruswealwe the Cleaver (Hill Orc Fighter)          Turns: 121, Time: 00:01:07

Health: -4/70      AC:  8    Str: 19    XL:     7   Next: 2%
Magic:  7/7        EV: 10    Int: 10    God:    the Shining One [......]
Gold:   243        SH:  5    Dex: 10    Spells: 6/6 levels left

rFire   . . .        a - +0 war axe
rCold   . . .        c - +0 buckler
rNeg    . . .        b - +0 scale mail
rPois   .            (no helmet)
rElec   .            (no cloak)
rCorr   .            (no gloves)
SInv    .            (no boots)
Will    .....        (no amulet) Stlth
                     (no ring)
HPRegen 0.31/turn    (no ring)
MPRegen 0.10/turn

%: no teleportation
@: glowing
A: no striking features
a: Renounce Religion


You were in the Dungeon.
You worshipped the Shining One.
The Shining One was noncommittal.
You visited 1 branch You collected 243 gold pieces.

Inventory:

Hand Weapons
 a - a +0 war axe (weapon)
Armour
 b - a +0 scale mail (worn)
 c - a +0 buckler (worn)
Wands
 k - a wand of digging (3)
Scrolls
 j - a scroll of blinking
 l - 2 scrolls of enchant weapon {unknown}
Potions
 d - a potion of might
 e - a potion of curing
 f - a potion of heal wounds
 g - a potion of haste
 h - 2 potions of magic
 i - a potion of berserk rage


   Skills:
 + Level 9.4 Fighting
 + Level 9.5 Axes
 + Level 8.6 Armour
 + Level 1.7 Dodging
 + Level 8.5 Shields


You had 6 spell levels left.
You didn't know any spells.
Your spell library was empty.

Dungeon Overview and Level Annotations

Branches:
Dungeon (1/1)

Altars:
Cheibriados
Dithmenos
Elyvilon
Fedhas
Gozag
Hepliaklqana
Kikubaaqudgha
Makhleb
Nemelex Xobeh
Okawaru
Qazlal
Ru
Sif Muna
Trog
Uskayaw
Vehumet
Wu Jian
Xom
Yredelemnul
Zin
The Shining One
Jiyva
Lugonu

Shops:
D [


Message History

There is an open door, spattered with blood here.
You see here a yak corpse.
Found a sparkling altar of Nemelex Xobeh.
There is an entrance to Duviss's Antique Armour Emporium here.
There is a glowing golden altar of the Shining One here.
You kneel at the altar of the Shining One.
The Shining One welcomes you!
There is an iron altar of Okawaru here.
There is an entrance to Duviss's Antique Armour Emporium here.
There is an open door, spattered with blood here.
You see here a yak corpse.
There is an ornate altar of the Wu Jian Council here.
You see here a +0 robe.
There is an open door here.
You open the door.
A slime creature comes into view.
Found four altars.
The slime creature hits you but does no damage.
There is an open door here.
You slice the slime creature!!
The slime creature is moderately wounded.
You block the slime creature's attack.
You hit the slime creature.
The slime creature is moderately wounded.
The slime creature hits you but does no damage.
You hit the slime creature.
The slime creature is moderately wounded.
The slime creature closely misses you.
You slice the slime creature!!
The slime creature is severely wounded.
The slime creature hits you.
* * * LOW HITPOINT WARNING * * *
You slash the slime creature!
The slime creature is severely wounded.
The slime creature hits you.
* * * LOW HITPOINT WARNING * * *
You hit the slime creature.
The slime creature is almost dead.
The slime creature hits you!
You die...

###################
#<.#..').#.)'..#__#
#..').#..'..#..@J.+
#..#####+#####'#__#
#..#### #...#.####
#..#__####..##[#
#..#_____##'#_.+
#⌠⌠#_.∩...†..._#
####_..__##_.#'#
#_____###+#.#
####### ###


You could see a slime creature.

Vanquished Creatures
  Sigmund (D)
  A yak (D)
  An ogre (D)
  A jelly (D)
  Ijyb (D)
5 creatures vanquished.

Notes
Turn   | Place    | Note
-------+----------+-------------------------------------------
     0 | D        | Heoruswealwe the Hill Orc Fighter began the quest for the
                  | Orb.
     0 | D        | Reached XP level 1. HP: 19/19 MP: 1/1
     1 | D        | Noticed Ijyb
    15 | D        | Killed Ijyb
    16 | D        | Reached skill level 5 in Fighting
    16 | D        | Reached XP level 2. HP: 19/29 MP: 2/2
    16 | D        | Reached XP level 3. HP: 24/36 MP: 3/3
    19 | D        | Noticed an ogre
    26 | D        | Killed an ogre
    27 | D        | Reached skill level 5 in Axes
    27 | D        | Reached XP level 4. HP: 25/45 MP: 4/4
    29 | D        | Noticed Sigmund
    41 | D        | Killed Sigmund
    42 | D        | Reached skill level 1 in Dodging
    42 | D        | Reached XP level 5. HP: 20/56 MP: 5/5
    42 | D        | Reached XP level 6. HP: 23/62 MP: 6/6
    53 | D        | Found an ornate altar of the Wu Jian Council.
    53 | D        | Found a shimmering blue altar of Sif Muna.
    55 | D        | Found a radiant altar of Vehumet.
    84 | D        | Found Duviss's Antique Armour Emporium.
    84 | D        | Found an ancient bone altar of Kikubaaqudgha.
    84 | D        | Found a hazy altar of Hepliaklqana.
    84 | D        | Found a stormy altar of Qazlal.
    84 | D        | Found a hide-covered altar of Uskayaw.
    84 | D        | Found a blossoming altar of Fedhas.
    84 | D        | Found a bloodstained altar of Trog.
    84 | D        | Found an iron altar of Okawaru.
    84 | D        | Found a basalt altar of Yredelemnul.
    84 | D        | Found a glowing golden altar of the Shining One.
    84 | D        | Found a snail-covered altar of Cheibriados.
    84 | D        | Found a sacrificial altar of Ru.
    84 | D        | Found a glowing silver altar of Zin.
    84 | D        | Found a shadowy altar of Dithmenos.
    84 | D        | Found a white marble altar of Elyvilon.
    84 | D        | Noticed a yak
    92 | D        | Killed a yak
    93 | D        | Reached XP level 7. HP: 13/70 MP: 7/7
    93 | D        | Found an opulent altar of Gozag.
    94 | D        | Found a sparkling altar of Nemelex Xobeh.
   100 | D        | Became a worshipper of the Shining One
   114 | D        | Found a burning altar of Makhleb.
   114 | D        | Found a viscous altar of Jiyva.
   114 | D        | Found a shimmering altar of Xom.
   114 | D        | Found a corrupted altar of Lugonu.
   114 | D        | Noticed a slime creature
   121 | D        | Slain by a slime creature

Illustrated notes

Levels and vault maps discovered:
D:        dungeon_sprint_1 [red_sonja_temple_1, red_sonja_temple_small_1]

Skill      XL: |  1  2  3  4  5  6 |
---------------+-------------------+-----
Fighting       | 5 6 8 9 |  9.4
Axes           | 3 5 7 9 |  9.5
Armour         | 4 6 7 8 |  8.6
Shields        | 4 6 7 8 |  8.5
Dodging        | 1 |  1.7

Action                     |  1- 3 |  4- 6 |  7- 9 || total
---------------------------+-------+-------+-------++-------
  Melee: War axe           |    19 |    21 |     6 ||    46
 Armour: Scale mail        |     3 |     2 |     2 ||     7
  Dodge: Dodged            |     8 |     7 |     1 ||    16
  Block: Buckler           |     5 |     2 |     1 ||     8
